Map: Cyber Forest LE

Players

GosuMegumi - Winner!

  • Race: Protoss Protoss
  • League: Platinum
  • Spawn Location: 11:00

A.I. 1 (Very Easy)

  • Race: Protoss Protoss
  • Spawn Location: 5:00

VOD

Have the link to the VOD?

Description

Time

  • Played on: June 20, 2019, 10:42 p.m.
  • Length: 6:20
Show
View Real Time Build Order
Export as new Build Order

GosuMegumi Protoss - Winner!

Build Orders: 1 Gate Expand 

Get SALT Encoding   

  12  0:01  Probe  
  13  0:13  Probe  
  14  0:20  Pylon  
  14  0:25  Probe  
  15  0:30  Assimilator  
  15  0:38  Probe  
  16  0:47  Probe  
  16  0:49  Gateway  
  16  0:55  Probe  
  18  1:05  Probe  
  20  1:18  Probe  
  20  1:26  Nexus  
  20  1:37  Cybernetics Core  
  20  1:39  Probe  
  21  1:47  Pylon  
  21  1:51  Probe  
  22  1:55  Assimilator  
  22  2:04  Probe, Adept  
  23  2:14  Warp Gate  
  25  2:21  Robotics Facility  
  25  2:23  Probe  
  26  2:36  Probe  
  27  2:42  Stalker, Probe  
  27  2:44  Gateway  
  27  2:48  Probe  
  27  2:50  Probe  
  32  3:01  Twilight Council  
  32  3:04  Probe  
  33  3:06  Probe, Warp Prism  
  36  3:20  Probe  
  37  3:29  Charge  
  37  3:35  Pylon  
  37  3:37  Immortal  
  37  3:41  Gateway  
  41  4:14  Immortal, Gateway  
  41  4:17  Gateway  
  41  4:21  Gateway  
  41  4:24  Gateway  
  45  4:30  Pylon  
  45  4:32  Pylon  
  45  4:36  Pylon  
  45  4:40  Zealot  
  45  4:43  Zealot  
  49  4:46  Zealot  
  51  5:04  Zealot x2  
  55  5:07  Zealot  
  55  5:09  Zealot  
  55  5:13  Zealot  
  61  5:16  Zealot  
  63  5:23  Zealot  
  63  5:24  Zealot x2  
  63  5:27  Zealot  
  71  5:29  Zealot  
  71  5:34  Zealot  
  75  5:49  Zealot  
  77  5:59  Pylon x2, Probe  
  77  6:01  Pylon x2  
  78  6:02  Pylon  
Show
View Real Time Build Order
Export as new Build Order

A.I. 1 (Very Easy) Protoss 

Build Orders:  

Get SALT Encoding   

  12  0:00  Probe  
  13  0:13  Probe  
  14  0:20  Pylon  
  14  0:37  Assimilator  
  14  0:44  Gateway  
  14  0:46  Pylon  
  14  1:16  Assimilator  
  14  1:24  Probe  
  14  1:32  Cybernetics Core, Probe  
  15  1:34  Zealot  
  18  1:40  Probe  
  19  1:51  Probe  
  20  2:01  Probe  
  21  2:08  Warp Gate  
  21  2:09  Probe  
  22  2:41  Stalker  
  24  5:40  Stalker  
  24  5:44  Probe  
  24  5:46  Pylon  
Tags
 
League
Platinum
Matchup
PvP
Spawn Locations
Cross Positions
Add a new tag
Caveats
  • Supply blocks, unpowered buildings, or Contaminate may cause inaccurate times.
  • Supply counts are checked every 10 seconds.